 Dungeon Crawl Stone Soup version 0.24.0-7-gb3623d2c88 (webtiles) character file.

Game seed: 8692105471391436193, levelgen mode: deterministic

4053 Azrel the Basher (level 10, -2/79 (84) HPs)
             Began as a Minotaur Berserker on Nov 3, 2019.
             Slain by a polar bear (4 damage)
             ... created by the rage of Trog
             ... on level 8 of the Dungeon.
             The game lasted 00:39:16 (6399 turns).

Azrel the Basher (Minotaur Berserker)               Turns: 6399, Time: 00:39:17

HP:   -2/79 (84)    AC: 13    Str: 25    XL:     10   Next: 4%
MP:   16/16         EV:  8    Int:  4    God:
Gold: 347           SH:  0    Dex: 10    Spells: 19/19 levels left

rFire    . . .     SeeInvis .   v - +0 morningstar
rCold    . . .     Gourm    +   (no shield)
rNeg     . . .     Faith    .   s - +0 plate armour
rPois    .         Spirit   .   (helmet restricted)
rElec    .         Reflect  .   (no cloak)
rCorr    .         Harm     .   (no gloves)
MR       .....                  (no boots)
Stlth    ..........             d - amulet of the gourmand
HPRegen  0.23/turn              (no ring)
MPRegen  0.15/turn              (no ring)

@: no status effects
A: retaliatory headbutt, horns 2
a: no special abilities


You were on level 8 of the Dungeon.
You were very full.

You visited 1 branch of the dungeon, and saw 8 of its levels.

You collected 383 gold pieces.
You spent 36 gold pieces at shops.

Inventory:

Hand Weapons
 a - a +0 mace
 t - a +0 giant spiked club
 v - a +0 morningstar (weapon)
Armour
 b - a +0 animal skin
 l - a +0 ring mail
 m - a +0 chain mail
 s - a +0 plate armour (worn)
Jewellery
 d - an amulet of the gourmand (around neck)
 e - an uncursed ring of ice {unknown}
 p - an uncursed ring of protection from magic {unknown}
 r - a cursed -3 ring of evasion {unknown}
Wands
 h - a wand of random effects (15)
 w - a wand of flame (22)
 F - a wand of iceblast (20)
 H - a wand of paralysis (5)
Scrolls
 g - 2 scrolls of identify
 j - 3 scrolls of enchant armour
 k - 2 scrolls of blinking {unknown}
 o - 2 scrolls of remove curse
 q - 2 scrolls of enchant weapon {unknown}
 x - a scroll of torment {unknown}
 y - a scroll of random uselessness {unknown}
 B - a scroll of vulnerability {unknown}
 D - a scroll of silence {unknown}
Potions
 f - a potion of haste
 i - 3 potions of invisibility
 n - a potion of mutation {unknown}
 u - 2 potions of might
 z - a potion of degeneration {unknown}
 A - a potion of brilliance {unknown}
 C - a potion of magic {unknown}
 E - a potion of curing
Comestibles
 c - 10 rations


   Skills:
 - Level 6.4 Fighting
 - Level 10.4 Maces & Flails
 - Level 7.6 Armour
 - Level 4.1 Dodging
 + Level 3.6 Stealth
 * Level 5.1 Spellcasting


You had 19 spell levels left.
You didn't know any spells.
Your spell library was empty.

Dungeon Overview and Level Annotations

Branches:
Dungeon (8/15)             Temple (0/1) D:7
   Lair: D:8-11

Altars:
Ashenzari
Cheibriados
Fedhas
Kikubaaqudgha
Okawaru
Ru
Trog
Vehumet
Xom
Zin

Shops:
D:4 ?   D:6 %


Innate Abilities, Weirdness & Mutations

You reflexively headbutt those who attack you in melee.
You have a pair of horns on your head.


Message History

The black bear bites you but does no damage.
The black bear claws you.
The black bear claws you but does no damage.
The polar bear bites you!
* * * LOW HITPOINT WARNING * * *
The polar bear claws you but does no damage.
The polar bear claws you.
* * * LOW HITPOINT WARNING * * *
The polar bear bites you.
* * * LOW HITPOINT WARNING * * *
The polar bear claws you but does no damage.
The polar bear claws you.
* * * LOW HITPOINT WARNING * * *
The black bear bites you but does no damage.
The black bear completely misses you. x2
As you read the scroll of fear, it crumbles to dust.
You assume a fearsome visage.
The polar bear bites you!
* * * LOW HITPOINT WARNING * * *
The polar bear barely misses you. x2; The polar bear bites you.
You die...

..............#.#
.#......#.......#
.........<......#
)......####.###.#
#.............#.#
#..#........#.#.#
#.......###.#.#..
............#.######
#....########.#h@hh#
#..... #.#h##h#
.###.# #.#h# # #.#.#
o# #.#)# o# #.#.# o#
#.#)# .# #######>#)#
^# ..........# .#


You could see 2 polar bears and 4 black bears.

Vanquished Creatures
  A two-headed ogre (D:8)
  Pikel (D:6)
  Maurice (D:8)
  Grinder (D:4)
  3 orc warriors (D:8)
  2 ice beasts
  2 sky beasts
  A slave (D:6)
  A phantom (D:5)
  An ogre (D:6)
  A big kobold (D:5)
  Blork the orc (D:6)
  2 bullfrogs (D:8)
  4 killer bees (D:8)
  4 wights
  A howler monkey (D:5)
  3 crimson imps
  A bullfrog zombie (D:5)
  2 jellies (D:7)
  6 hounds
  5 orc wizards
  A gnoll shaman (D:8)
  2 orc priests
  Crazy Yiuf (D:4)
  A bullfrog skeleton (D:8)
  6 worker ants
  A worker ant zombie (D:5)
  4 gnolls
  5 adders
  A shadow imp (D:8)
  2 adder zombies
  An adder skeleton (D:4)
  2 worms
  A dart slug (D:1)
  A leopard gecko (D:1)
  15 orcs
  4 bats
  4 giant cockroaches
  2 goblins
  4 hobgoblins
  6 jackals
  2 quokkas (D:8)
  6 frilled lizards
  12 kobolds
  7 rats
135 creatures vanquished.

Vanquished Creatures (others)
  A centaur skeleton (D:6)
  A gnoll (D:8)
  2 adders (D:6)
  2 orcs
6 creatures vanquished.

Grand Total: 141 creatures vanquished

Notes
Turn   | Place    | Note
-------+----------+-------------------------------------------
     0 | D:1      | Azrel the Minotaur Berserker began the quest for the Orb.
     0 | D:1      | Reached XP level 1. HP: 19/19 MP: 0/0
   183 | D:1      | Reached XP level 2. HP: 21/27 MP: 1/1
   204 | D:1      | Reached skill level 4 in Maces & Flails
   911 | D:2      | Found a faded altar of an unknown god.
  1052 | D:3      | Reached XP level 3. HP: 33/33 MP: 2/2
  1102 | D:3      | Reached ** piety under Trog
  1371 | D:3      | Found a bloodstained altar of Trog.
  1556 | D:3      | Found a shattered altar of Ashenzari.
  1933 | D:4      | Reached XP level 4. HP: 37/41 MP: 3/3
  2102 | D:4      | Reached skill level 5 in Maces & Flails
  2273 | D:4      | Reached XP level 5. HP: 28/47 MP: 4/4
  2500 | D:4      | Noticed Grinder
  2503 | D:4      | Paralysed by Grinder for 3 turns
  2515 | D:4      | Paralysed by Grinder for 5 turns
  2523 | D:4      | Killed Grinder
  2523 | D:4      | Reached skill level 5 in Fighting
  2523 | D:4      | Reached skill level 6 in Maces & Flails
  2523 | D:4      | Reached skill level 1 in Stealth
  2523 | D:4      | Reached XP level 6. HP: 36/56 MP: 5/5
  2681 | D:4      | Found a blossoming altar of Fedhas.
  2681 | D:4      | Found an ancient bone altar of Kikubaaqudgha.
  2697 | D:4      | Found Myolycyco's Magic Scroll Emporium.
  2713 | D:4      | Bought a scroll of remove curse for 36 gold pieces
  2813 | D:4      | Found a runed translucent door.
  2814 | D:4      | Noticed Crazy Yiuf
  2820 | D:4      | Killed Crazy Yiuf
  2820 | D:4      | Reached skill level 7 in Maces & Flails
  3070 | D:5      | Entered Level 5 of the Dungeon
  3121 | D:5      | Found an iron altar of Okawaru.
  3132 | D:5      | Noticed a sky beast
  3177 | D:5      | Killed a sky beast
  3177 | D:5      | Reached XP level 7. HP: 42/61 MP: 6/6
  3354 | D:5      | Reached skill level 8 in Maces & Flails
  3469 | D:5      | Found a large runed translucent door.
  3469 | D:5      | Found a large runed translucent door.
  3479 | D:5      | Reached *** piety under Trog
  3526 | D:5      | Got a fine quarterstaff
  3554 | D:5      | Found a large runed translucent door.
  3554 | D:5      | Found a large runed translucent door.
  3584 | D:5      | Identified Sif Muna's Volume of Proximity
  3834 | D:6      | Reached skill level 5 in Armour
  3850 | D:6      | Noticed Pikel
  3860 | D:6      | Killed Pikel
  3860 | D:6      | Reached skill level 9 in Maces & Flails
  3860 | D:6      | Reached XP level 8. HP: 70/70 MP: 7/7
  3925 | D:6      | Found a sacrificial altar of Ru.
  3925 | D:6      | Noticed Blork the orc
  3933 | D:6      | Killed Blork the orc
  4191 | D:6      | Found Vaipp's Food Boutique.
  4325 | D:6      | Found a radiant altar of Vehumet.
  4379 | D:7      | Reached skill level 10 in Maces & Flails
  4396 | D:7      | Found a staircase to the Ecumenical Temple.
  4665 | D:7      | Found a snail-covered altar of Cheibriados.
  4879 | D:7      | Found a glowing silver altar of Zin.
  5174 | D:8      | Reached XP level 9. HP: 77/78 MP: 8/8
  5230 | D:8      | Reached skill level 1 in Spellcasting
  5364 | D:8      | Found a shimmering altar of Xom.
  5384 | D:8      | Noticed a two-headed ogre
  5395 | D:8      | Killed a two-headed ogre
  5493 | D:8      | Fell from the grace of Trog
  5974 | D:8      | Noticed Maurice
  5993 | D:8      | Paralysed by something for 3 turns
  6003 | D:8      | Killed Maurice
  6003 | D:8      | Reached skill level 5 in Spellcasting
  6003 | D:8      | Reached XP level 10. HP: 39/79 MP: 16/16
  6399 | D:8      | HP: 2/79 [polar bear[the rage of Trog] (8)]
  6399 | D:8      | Slain by a polar bear

Levels and vault maps discovered:
D:1:      dpeg_arrival_leaves_temple_mockup, layout_basic, serial_corexii_hall,
          corexii_hall_statues_x, chequers_hall_statues_wall_a,
          minmay_misc_feat_plants
D:2:      layout_rooms, nemelex_altar_shiori, chequers_ecumenical_altar_twisty,
          first_ration, serial_bayou_pond_d, grunt_ministairs_4,
          minmay_heptomino_d4, uniq_jessica, uniq_natasha
D:3:      layout_basic, lemuel_coloured_pillars_altar,
          overflow_temple_1_default, kennysheep_generic_room_8
D:4:      layout_loops_ring, grunt_temple_overflow_growth_and_decay,
          serial_shops, shop, uniq_crazy_yiuf_cottage, uniq_grinder
D:5:      layout_cave_pools, okawaru_metal_pillars_3, st_stairs_12,
          minmay_hollow_rounded_squares
D:6:      layout_rooms, overflow_temple_1_default, minitemple, serial_shops,
          nicolae_shop_crystal, uniq_blork_the_orc, uniq_pikel
D:7:      layout_gridville, lemuel_doored_altar, zin_statuary,
          minmay_temple_entry_ruins
D:8:      layout_basic, xom_butterflies, uniq_maurice

Skill      XL: |  1  2  3  4  5  6  7  8  9 |
---------------+----------------------------+-----
Fighting       | 4 5 6 |  6.4
Maces & Flails | 4 5 6 7 9 10 | 10.4
Armour         | 3 6 7 |  7.6
Dodging        | 3 4 |  4.1
Stealth        | 1 3 |  3.6
Spellcasting   | 5 |  5.1

Action                   |  1- 3 |  4- 6 |  7- 9 | 10-12 || total
-------------------------+-------+-------+-------+-------++-------
Melee: Mace              |    72 |    75 |    55 |       ||   202
       Headbutt          |     6 |    13 |    47 |     4 ||    70
       Morningstar       |       |       |   175 |    24 ||   199
Invok: Berserk           |     1 |     2 |     4 |       ||     7
       Trog's Hand       |       |     1 |     1 |       ||     2
  Use: Scroll            |     5 |     3 |     6 |     1 ||    15
       Potion            |       |     1 |     4 |       ||     5
 Stab: Sleeping          |     1 |       |       |       ||     1
  Eat: Chunk             |     3 |     8 |    14 |     4 ||    29
       Ration            |       |     1 |     1 |       ||     2
Armor: Animal skin       |    20 |     1 |       |       ||    21
       Chain mail        |       |    44 |    61 |       ||   105
       Plate armour      |       |       |    31 |    40 ||    71
Dodge: Dodged            |    45 |    36 |    97 |    15 ||   193
